 Dungeon Crawl Stone Soup version 0.31-a0-231-g51bb95cda3 (webtiles) character file.

Game seed: 4184547766886253854

2274 qw the Skirmisher (level 9, -5/55 HPs)
             Began as a Gargoyle Hexslinger on July 6, 2023.
             Was a Follower of Okawaru.
             Slain by a wight
             ... wielding a +5 great sword of freezing
              (10 damage)
             ... on level 8 of the Dungeon.
             The game lasted 00:02:05 (5776 turns).

qw the Skirmisher (Gargoyle Hexslinger)             Turns: 5776, Time: 00:02:06

Health: -5/55      AC: 13    Str: 13    XL:     9   Next: 39%
Magic:  9/11       EV: 15    Int: 13    God:    Okawaru [*.....]
Gold:   390        SH:  0    Dex: 16    Spells: 9/10 levels left

rFire   + . .        c - +0 orcbow
rCold   + . .        (shield currently unavailable)
rNeg    + . .        t - +0 leather armour {rF+}
rPois   inf          (no helmet)
rElec   +            d - +2 cloak
rCorr   .            (no gloves)
SInv    +            (no boots)
Will    .....        (no amulet)
Stlth   +++          h - ring of see invisible
HPRegen 0.29/turn    o - ring of protection from cold
MPRegen 0.12/turn

%: no passive effects
@: about to teleport, heroic
A: sickness immunity, AC +6, negative energy resistance 1, electricity
resistance, torment resistance 1, petrification resistance, low MP 1
a: Renounce Religion, Heroism


You were on level 8 of the Dungeon.
You worshipped Okawaru.
Okawaru was aware of your devotion.
You visited 2 branches of the dungeon, and saw 9 of its levels.

You collected 507 gold pieces.
You spent 117 gold pieces at shops.


Innate Abilities, Weirdness & Mutations

You are immune to sickness and miasma.
Your stone body is resilient. (AC +6)
You are immune to poison.
You resist negative energy. (rN+)
You are resistant to electric shocks. (rElec)
You are resistant to unholy torment.
You are immune to petrification.
Your magical capacity is low. (-10% MP)


   Skills:
 - Level 6.0(11.0) Fighting
 + Level 9.9(14.9) Ranged Weapons
 - Level 1.0(6.0) Armour
 - Level 2.4(7.4) Dodging
 - Level 1.0 Spellcasting
 - Level 2.6 Hexes
 - Level 4.4 Invocations


You had 9 spell levels left.
You knew the following spells:

 Your Spells              Type           Power      Damage    Failure   Level
a - Slow                  Hex            28%        N/A       12%         1

Your spell library contained the following spells:

 Spells                   Type           Power      Damage    Failure   Level
 Inner Flame              Hex/Fire       4%         N/A       52%         3
 Portal Projectile        Hex/Tloc       8%         N/A       52%         3
 Cause Fear               Hex            3%         N/A       75%         4

Inventory:

Hand Weapons
 c - a +0 orcbow (weapon)
Armour
 b - a +1 ring mail of poison resistance
 d - a +2 cloak (worn)
 t - a +0 leather armour of fire resistance (worn)
Jewellery
 h - a ring of see invisible (left hand)
 o - a ring of protection from cold (right hand)
 p - a ring of resist corrosion
 q - an amulet of the acrobat
Wands
 m - a wand of digging (4)
Scrolls
 f - 2 scrolls of identify
 n - a scroll of enchant armour
Potions
 a - 7 potions of curing
 e - a potion of cancellation
 g - a potion of haste {unknown}
 i - 2 potions of enlightenment
 j - a potion of might
 k - a potion of mutation
 s - a potion of berserk rage {unknown}

Dungeon Overview and Level Annotations

Branches:
Dungeon (8/15)             Temple (1/1) D:4
   Lair: D:8-11

Altars:
Ashenzari
Cheibriados
Dithmenos
Elyvilon
Fedhas
Hepliaklqana
Kikubaaqudgha
Makhleb
Nemelex Xobeh
Okawaru
Qazlal
Ru
Sif Muna
Trog
Uskayaw
Vehumet
Wu Jian
Xom
Yredelemnul
Zin
The Shining One

Shops:
D:3 *

Annotations:
D:3 3 runed translucent doors, qw's ghost, amateur GrHs


Message History

The orc priest is severely wounded.
The orc priest hits you with a +0 club.
You shoot an arrow. The arrow hits the orc priest.
The orc priest is severely wounded.
The orc priest hits you but does no damage.
You shoot an arrow. The arrow hits the orc priest.
The orc priest is almost dead.
The orc priest invokes the aid of Beogh against you.
Beogh smites you!
You shoot an arrow. The arrow hits the orc priest!
You kill the orc priest!
Okawaru accepts your kill.
You shoot an arrow.
The arrow hits the wight but does no damage.
You shoot an arrow. The arrow closely misses the wight.
The arrow completely misses the kobold.
The arrow hits the wight.
The wight is moderately damaged.
The wight barely misses you.
You shoot an arrow.
The arrow hits the wight but does no damage.
The wight barely misses you.
You shoot an arrow. The arrow hits the wight.
The wight is lightly damaged.
The wight hits you with a +5 great sword of freezing!
You shoot an arrow. The arrow hits the wight!
The wight is almost destroyed.
You shoot an arrow.
The arrow hits the wight but does no damage.
The wight is almost destroyed.
The wight hits you with a +5 great sword of freezing.
5775 ||| READING scroll of teleportation.
As you read the scroll of teleportation, it crumbles to dust.
You feel strangely unstable.
You feel like a meek peon again.
The wight hits you with a +5 great sword of freezing.
The wight freezes you.
5776 ||| INVOKING Heroism.
You gain the combat prowess of a mighty hero.
The wight hits you with a +5 great sword of freezing!
You die...

#.# #.# #.# .
#.# .. #.#
...# #.# .....
#.#
....oo######
#.#
....zKz@...#
#.#
##...o####.##
#.# #...
#..### #.# #..
##...# ####.#
#.
#####.###....#
#
#.....##.....#
#.##..>(..).##
#......#..#
#..#.#.#..#


You could see 2 wights, an orc wizard (invisible), 2 orcs and a kobold.

Vanquished Creatures
  A rime drake (shapeshifter) (D:6)
  Sigmund (D:6)
  Menkaure (D:7)
  2 water moccasins
  2 orc warriors (D:8)
  An ice beast (D:6)
  2 black bears
  2 ogres (D:6)
  A centaur (D:7)
  A kobold brigand (D:8)
  A gnoll sergeant (D:7)
  A scorpion (D:5)
  A howler monkey (D:6)
  An electric eel (D:6)
  4 hounds
  3 orc priests
  3 iguanas
  2 sleepcaps
  2 orc wizards
  3 gnolls
  4 adders
  2 ufetubi
  A worm (D:5)
  3 dart slugs
  9 orcs
  8 endoplasms
  A giant cockroach (D:1)
  8 goblins
  7 hobgoblins
  9 jackals
  3 quokkas
  5 ball pythons
  8 bats
  5 frilled lizards
  10 kobolds
  6 rats
124 creatures vanquished.

Notes
Turn   | Place    | Note
-------+----------+-------------------------------------------
     0 | D:1      | qw the Gargoyle Hexslinger began the quest for the Orb.
     0 | D:1      | Reached XP level 1. HP: 12/12 MP: 2/2
     0 | D:1      | 0 ||| qw: Version: 0.3-a-46-gb1f654a
     0 | D:1      | 0 ||| qw: Game counter: 1846
     0 | D:1      | 0 ||| qw: Melee chars always use a shield: true
     0 | D:1      | 0 ||| qw: God list: Okawaru
     0 | D:1      | 0 ||| qw: Allow faded altars: false
     0 | D:1      | 0 ||| qw: Do Orc after clearing Dungeon:15 true
     0 | D:1      | 0 ||| qw: Do second Lair branch before Depths: true
     0 | D:1      | 0 ||| qw: Lair rune preference: random
     0 | D:1      | 0 ||| qw: Goals: Normal
     0 | D:1      | 0 ||| PLANNING D:1-11
   159 | D:1      | Reached XP level 2. HP: 16/16 MP: 3/3
   259 | D:1      | 259 ||| SWAPPING to +2 sling of flaming.
   260 | D:1      | 260 ||| DROPPING +1 sling.
   286 | D:1      | Reached skill level 3 in Ranged Weapons
   571 | D:1      | 571 ||| READING scroll labelled MIHYHU YNOUP.
   572 | D:1      | 572 ||| READING 2 scrolls labelled FOLARO COMI.
   573 | D:1      | 573 ||| READING scroll labelled ZYACLI DAMIGRU.
   574 | D:1      | 574 ||| READING scroll labelled SYPO VUNIWU.
   575 | D:1      | 575 ||| DRINKING 2 inky potions.
   576 | D:1      | 576 ||| DROPPING scroll of poison.
   636 | D:2      | Reached XP level 3. HP: 21/21 MP: 4/4
  1373 | D:2      | Reached XP level 4. HP: 26/26 MP: 5/5
  1381 | D:2      | Identified the +7 dagger "Soalycli" {speed, Dex+2}
  1454 | D:2      | 1454 ||| UPGRADING to +1 ring mail of poison resistance.
  1464 | D:2      | 1464 ||| DROPPING +0 robe.
  1465 | D:2      | 1465 ||| UPGRADING to ring of see invisible.
  1466 | D:2      | 1466 ||| READING scroll labelled XYSI HINIO.
  1467 | D:2      | 1467 ||| READING scroll labelled YCEFRIY HECOUFAOG.
  1532 | D:3      | Found Atee's Assorted Antiques.
  1536 | D:3      | 1536 ||| SHOPLISTING glowing ring mail (168 gold, have
                  | 118).
  1536 | D:3      | 1536 ||| BUYING potion of curing (72 gold).
  1536 | D:3      | Bought a potion of curing for 72 gold pieces
  1536 | D:3      | 1536 ||| BUYING ruby potion (21 gold).
  1536 | D:3      | Bought a ruby potion for 21 gold pieces
  1536 | D:3      | 1536 ||| BUYING scroll labelled UBRIEP GUAD (24 gold).
  1536 | D:3      | Bought a scroll labelled UBRIEP GUAD for 24 gold pieces
  1536 | D:3      | 1536 ||| SHOPLISTING scroll labelled UBRIEP GUAD (24 gold,
                  | have 1).
  1536 | D:3      | 1536 ||| SHOPLISTING scroll of teleportation (72 gold, have
                  | 1).
  1536 | D:3      | 1536 ||| SHOPLISTING tapered bone wand (96 gold, have 1).
  1655 | D:3      | Reached skill level 4 in Ranged Weapons
  1807 | D:3      | Found a runed translucent gate.
  1807 | D:3      | Found a runed translucent gate.
  1810 | D:3      | Found a runed translucent gate.
  1810 | D:3      | Noticed qw's ghost (amateur GrHs)
  2108 | D:3      | 2108 ||| READING scroll labelled UBRIEP GUAD.
  2109 | D:3      | 2109 ||| READING 3 scrolls of identify.
  2109 | D:3      | 2109 ||| IDENTIFYING ruby potion
  2110 | D:3      | 2110 ||| READING 2 scrolls of identify.
  2110 | D:3      | 2110 ||| IDENTIFYING fizzy black potion
  2111 | D:3      | 2111 ||| DROPPING potion of invisibility.
  2112 | D:3      | 2112 ||| DROPPING potion of brilliance.
  2166 | D:4      | Identified the +1 ring mail of Yquy {MP+9}
  2246 | D:4      | Found a staircase to the Ecumenical Temple.
  2247 | D:4      | 2247 ||| PLANNING TEMPLE
  2247 | D:4      | 2247 ||| DROPPING +1 ring mail of Yquy {MP+9}.
  2248 | D:4      | 2248 ||| DRINKING 2 brown potions.
  2248 | D:4      | Gained mutation: Your magical capacity is low. (-10% MP)
                  | [potion of mutation]
  2255 | Temple   | Entered the Ecumenical Temple
  2271 | Temple   | 2271 ||| PLANNING OKAWARU WORSHIP
  2445 | Temple   | Became a worshipper of Warmaster Okawaru
  2446 | Temple   | 2446 ||| PLANNING D:1-11
  2496 | D:4      | Reached skill level 1 in Armour
  2562 | D:4      | Reached XP level 5. HP: 27/30 MP: 5/5
  2562 | D:4      | 2562 ||| FLEEEEING.
  2563 | D:4      | 2563 ||| FLEEEEING.
  2992 | D:4      | 2992 ||| UPGRADING to +0 cloak.
  2997 | D:4      | 2997 ||| READING 2 scrolls of enchant armour.
  2997 | D:4      | 2997 ||| ENCHANTING +0 cloak.
  2998 | D:4      | 2998 ||| READING scroll of enchant armour.
  2998 | D:4      | 2998 ||| ENCHANTING +1 cloak.
  2999 | D:4      | 2999 ||| READING scroll labelled LOURECH QUIWI.
  3033 | D:5      | Entered Level 5 of the Dungeon
  3128 | D:5      | Noticed a water moccasin
  3143 | D:5      | Killed a water moccasin
  3144 | D:5      | Reached skill level 5 in Ranged Weapons
  3144 | D:5      | Reached XP level 6. HP: 23/35 MP: 6/6
  3304 | D:5      | Reached skill level 3 in Fighting
  3365 | D:5      | Noticed a black bear
  3372 | D:5      | Killed a black bear
  3373 | D:5      | Reached skill level 6 in Ranged Weapons
  3417 | D:5      | Reached XP level 7. HP: 43/43 MP: 7/7
  3664 | D:5      | Reached * piety under Okawaru
  3741 | D:5      | 3741 ||| DRINKING 2 cyan potions.
  3839 | D:6      | an orc wizard changed into a shapeshifter
  3839 | D:6      | Noticed a shapeshifter (shapeshifter)
  3839 | D:6      | a shapeshifter changed into a rime drake
  3839 | D:6      | Noticed a rime drake (shapeshifter)
  3845 | D:6      | Killed a rime drake
  3846 | D:6      | Reached skill level 7 in Ranged Weapons
  3858 | D:6      | 3858 ||| INVOKING Heroism.
  3863 | D:6      | Reached skill level 3 in Invocations
  3863 | D:6      | Reached XP level 8. HP: 29/48 MP: 6/9
  3991 | D:6      | 3991 ||| INVOKING Heroism.
  3995 | D:6      | Noticed Sigmund
  4003 | D:6      | Killed Sigmund
  4054 | D:6      | Reached skill level 8 in Ranged Weapons
  4153 | D:6      | 4153 ||| INVOKING Heroism.
  4181 | D:6      | 4181 ||| INVOKING Heroism.
  4564 | D:6      | 4564 ||| READING scroll of brand weapon.
  4564 | D:6      | 4564 ||| BRANDING +2 sling of chaos.
  4671 | D:6      | 4671 ||| DROPPING +1 leather armour of positive energy.
  4672 | D:6      | 4672 ||| UPGRADING to +0 leather armour of fire resistance.
  4682 | D:6      | 4682 ||| UPGRADING to ring of resist corrosion.
  4683 | D:6      | 4683 ||| UPGRADING to ring of protection from cold.
  4685 | D:6      | 4685 ||| READING scroll labelled XIENUL QIMERO.
  4686 | D:6      | 4686 ||| READING scroll labelled POTAEX YMPUETI.
  4687 | D:6      | 4687 ||| DRINKING 2 grey potions.
  4688 | D:6      | 4688 ||| READING 3 scrolls of identify.
  4688 | D:6      | 4688 ||| IDENTIFYING bubbling purple potion
  4689 | D:6      | 4689 ||| READING 2 scrolls of identify.
  4689 | D:6      | 4689 ||| IDENTIFYING white potion
  4690 | D:6      | 4690 ||| DROPPING potion of attraction.
  4720 | D:7      | 4720 ||| INVOKING Heroism.
  4742 | D:7      | 4742 ||| STAIRDANCE
  4812 | D:7      | 4812 ||| FLEEEEING.
  4813 | D:7      | 4813 ||| FLEEEEING.
  4814 | D:7      | 4814 ||| STAIRDANCE
  4918 | D:7      | 4918 ||| STAIRDANCE
  4942 | D:7      | Noticed Menkaure
  4943 | D:7      | 4943 ||| INVOKING Heroism.
  4951 | D:7      | Killed Menkaure
  4952 | D:7      | Reached skill level 9 in Ranged Weapons
  4952 | D:7      | Reached XP level 9. HP: 44/54 MP: 8/11
  4966 | D:7      | Reached skill level 6 in Fighting
  4972 | D:7      | 4972 ||| INVOKING Heroism.
  5039 | D:7      | 5039 ||| FLEEEEING.
  5040 | D:7      | 5040 ||| FLEEEEING.
  5041 | D:7      | 5041 ||| STAIRDANCE
  5122 | D:7      | 5122 ||| SWAPPING to +0 orcbow.
  5123 | D:7      | 5123 ||| DROPPING +2 sling of electrocution.
  5705 | D:8      | 5705 ||| INVOKING Heroism.
  5745 | D:8      | 5745 ||| INVOKING Heroism.
  5774 | D:8      | HP: 12/55 [wight/+5 great sword of freezing (4)]
  5775 | D:8      | 5775 ||| READING scroll of teleportation.
  5775 | D:8      | HP: 5/55 [wight/+5 great sword of freezing (1)]
  5776 | D:8      | 5776 ||| INVOKING Heroism.
  5776 | D:8      | Slain by a wight

Levels and vault maps discovered:
D:1:      nagdon_arrival_double_spiral, layout_basic, minmay_pentomino_o2
D:2:      layout_loops_corners, st_stairs_8
D:3:      layout_basic, serial_shops, shop, ebering_ghost_rock_garden,
          guppyfry_early_lair_pool
D:4:      layout_loops_ring, minmay_temple_entry_wispy,
          chequers_serial_rivers_small_b
D:5:      layout_loops_ring, minmay_fountain_box
D:6:      layout_layer_cave, hex_tiny, minivault_14, uniq_sigmund
D:7:      layout_layer_cave, uniq_menkaure
D:8:      layout_basic, uniq_grum, uniq_pikel
Temple:   nicolae_temple_bog_church

Skill      XL: |  1  2  3  4  5  6  7  8  9 |
---------------+----------------------------+-----
Ranged Weapons | 3 4 5 6 7 9 |  9.9
Fighting       | 2 4 5 6 |  6.0
Armour         | 1 |  1.0
Invocations    | 3 4 |  4.4
Dodging        | 2 |  2.4
Spellcasting   | |  1.0
Hexes          | |  2.6

Action                     |  1- 3 |  4- 6 |  7- 9 || total
---------------------------+-------+-------+-------++-------
   Fire: Sling             |    84 |   134 |   166 ||   384
         Orcbow            |       |       |    46 ||    46
 Invoke: Heroism           |       |       |    10 ||    10
    Use: Scroll            |     4 |     8 |     6 ||    18
         Potion            |     1 |     1 |     2 ||     4
 Armour: Robe              |     7 |       |       ||     7
         Ring mail         |       |    52 |    41 ||    93
         Leather armour    |       |       |    17 ||    17
  Dodge: Dodged            |    26 |    48 |    63 ||   137

Table legend:
 A = Non-vault XP
 B = Vault XP
 C = Vault XP percentage of total XP
 D = Non-vault monster count
 E = Vault monster count
 F = Vault count percentage of total count
                 A         B        C        D         E       F
            +---------+---------+-------+---------+---------+-------
      Total |    2843 |     406 |  12.5 |     120 |       4 |   3.2
            +---------+---------+-------+---------+---------+-------
        D:1 |      27 |       2 |   6.9 |      18 |       1 |   5.3
        D:2 |      55 |       1 |   1.8 |      18 |       1 |   5.3
        D:3 |      31 |       0 |   0.0 |      19 |       0 |   0.0
        D:4 |      63 |       0 |   0.0 |      11 |       0 |   0.0
        D:5 |     546 |       0 |   0.0 |      13 |       0 |   0.0
        D:6 |    1061 |     231 |  17.9 |      13 |       1 |   7.1
        D:7 |     556 |     172 |  23.6 |      13 |       1 |   7.1
        D:8 |     504 |       0 |   0.0 |      15 |       0 |   0.0
            +---------+---------+-------+---------+---------+-------
